[Event "*** SCC Grand Prix: Titled Tuesday Blitz"]
[Site "Chess.com"]
[Date "2020.08.25"]
[Round "2"]
[White "Barmen_EV"]
[Black "EnergeticHay"]
[Result "1-0"]
[WhiteElo "2427"]
[BlackElo "2188"]
[TimeControl "180+1"]
[EndTime "10:16:59 PDT"]
[Termination "Barmen_EV won by checkmate"]

1. d4 Nf6 2. c4 g6 3. Nc3 Bg7 4. e4 d6 5. f4 O-O 6. Nf3 c5 7. d5 e6 8. Be2 exd5 9. cxd5 Re8 10. e5 dxe5 11. fxe5 Ng4 12. Bg5 Qa5 13. O-O Nxe5 14.
d6 Be6 15. Nd5 Bxd5 16. Qxd5 Nbd7 17. Nxe5 Nxe5 18. Bc4 Qb6 19. Rxf7 Nxf7 20. Qxf7+ Kh8 21. Bf6 Rg8 22. Rd1 Bxf6 23. Qxf6+ Rg7 24. Qe5 Rf8 25. d7 h6 26. Qe8 Qd8 27. Qxf8+ Qxf8 28. d8=Q Qxd8 29.
Rxd8+ Kh7 30. h4 Re7 31. Bd3 Re3 32. h5 Re1+ 33. Kf2 Ra1 34. Rd7+ Kh8 35. hxg6 Rxa2 36. g7+ Kg8 37. Bc4+ Kh7 38. g8=Q# 1-0

[Event "*** SCC Grand Prix: Titled Tuesday Blitz"]
[Site "Chess.com"]
[Date "2020.08.25"]
[Round "2"]
[White "rdclayton"]
[Black "denispopov"]
[Result "1-0"]
[WhiteElo "2348"]
[BlackElo "1867"]
[TimeControl "180+1"]
[EndTime "10:16:59 PDT"]
[Termination "rdclayton won by resignation"]

1. e4 c5 2. Nf3 Nc6 3. d4 cxd4 4. Nxd4 e5 5. Nb5 a6 6. Nd6+ Bxd6 7. Qxd6 Qf6 8. Qxf6 Nxf6 9. Nc3 Nb4 10. Kd1 d6 11. Bg5 Be6 12. a3 Nc6 13. Bd3 O-O-O 14. Nd5 Bxd5 15.
exd5 Ne7 16. c4 h6 17. Be3 Kb8 18. h3 Rc8 19. Kd2 b5 20. b3 bxc4 21. bxc4 Ka8 22.
Rab1 Rb8 23. Rb4 a5 24. Ra4 Rb2+ 25. Kc3 Rhb8 26. Rxa5+ 1-0

[Event "*** SCC Grand Prix: Titled Tuesday Blitz"]
[Site "Chess.com"]
[Date "2020.08.25"]
[Round "2"]
[White "UmbertoConcelli"]
[Black "JuliaEfremova"]
[Result "1-0"]
[WhiteElo "2732"]
[BlackElo "2317"]
[TimeControl "180+1"]
[EndTime "10:17:01 PDT"]
[Termination "UmbertoConcelli won by resignation"]

1. d4 e5 2. dxe5 Nc6 3. Nf3 Qe7 4. Nc3 Nxe5 5. Nd5 Nxf3+ 6. gxf3 Qd8 7. Bf4 d6 8. e3 Be6 9. c4 Qd7 10. Qc2 Be7 11. Rg1 Bf5 12. Bd3 Bxd3 13. Qxd3 Kf8 14. O-O-O Nf6 15. Qd4 Rg8 16. Bh6 c5 17. Nxf6 cxd4 18.
Nxd7+ Ke8 19. Rxg7 Rxg7 20. Bxg7 Kxd7 21. Bxd4 Rc8 22.
Rg1 Rxc4+ 23. Kd2 Ra4 24. a3 Ra5 25. Rg7 Rh5 26. Rxf7 Ke6 27. Rg7 Rxh2 28. Ke2 a6 29. f4 h5 30. f5+ 1-0

[Event "*** SCC Grand Prix: Titled Tuesday Blitz"]
[Site "Chess.com"]
[Date "2020.08.25"]
[Round "2"]
[White "hansen"]
[Black "Ginger_GM"]
[Result "1-0"]
[WhiteElo "2936"]
[BlackElo "2564"]
[TimeControl "180+1"]
[EndTime "10:17:04 PDT"]
[Termination "hansen won by resignation"]

1. e4 e6 2. d4 d5 3. Nc3 Nf6 4. Bg5 Be7 5. e5 Nfd7 6. Bxe7 Qxe7 7. f4 O-O 8. Nf3 c5 9. Qd2 Nc6 10. dxc5 Nxc5 11. O-O-O b5 12. Bxb5 Bd7 13. Bxc6 Bxc6 14. Nd4 Rfc8 15. f5 Rab8 16. Rhf1 Qb7 17. b3 Qb4 18. f6 h6 19. fxg7 Kxg7 20. Rf6 Rh8 21.
Nxc6 1-0

[Event "*** SCC Grand Prix: Titled Tuesday Blitz"]
[Site "Chess.com"]
[Date "2020.08.25"]
[Round "2"]
[White "ZarinaShafigullina"]
[Black "Ermito2020"]
[Result "0-1"]
[WhiteElo "2285"]
[BlackElo "2628"]
[TimeControl "180+1"]
[EndTime "10:17:04 PDT"]
[Termination "Ermito2020 won by resignation"]

1. d4 d5 2. Nf3 Nf6 3. g3 g6 4. Bg2 Bg7 5. O-O O-O 6. c4 dxc4 7.
Ne5 Ng4 8. Nxg4 Bxg4 9. Bxb7 Nd7 10. Bxa8 Qxa8 11. f3 Bh3 12. Rf2 Rd8 13. Nc3 Nc5 14. Be3 Ne6 15. d5 c6 16. d6 exd6 17. Qa4 d5 18. Nd1 Qb7 19. Qxa7 Qxa7 20. Bxa7 d4 21. Rc1 Ra8 22. Rxc4 Rxa7 23. a3 c5 24. b4 cxb4 25.
axb4 Ra1 0-1

[Event "*** SCC Grand Prix: Titled Tuesday Blitz"]
[Site "Chess.com"]
[Date "2020.08.25"]
[Round "2"]
[White "Tssunami"]
[Black "MoreChessJulia"]
[Result "1-0"]
[WhiteElo "2349"]
[BlackElo "1872"]
[TimeControl "180+1"]
[EndTime "10:17:04 PDT"]
[Termination "Tssunami won by checkmate"]

1. Nf3 g6 2. c4 c5 3. Nc3 Bg7 4. g3 Nc6 5. Bg2 d6 6. O-O Bg4 7. d3 Nf6 8. a3 h5 9. h4 O-O 10.
Ng5 Bd7 11. Rb1 a5 12. Bd2 Ne8 13. Nb5 Nc7 14. Bc3 Bxc3 15. bxc3 Ne6 16. Qd2 Nxg5 17. Qxg5 Ne5 18. Bxb7 Rb8 19. Bg2 Qe8 20. a4 f6 21.
Qd2 Kg7 22. Rb2 g5 23. hxg5 h4 24. gxf6+ Rxf6 25. Qg5+ Rg6 26. Qxh4 Qf7 27. Nxd6 exd6 28. Rxb8 Bg4 29. Qh8# 1-0

[Event "*** SCC Grand Prix: Titled Tuesday Blitz"]
[Site "Chess.com"]
[Date "2020.08.25"]
[Round "2"]
[White "michaelk123"]
[Black "WinstonSilvakov"]
[Result "1-0"]
[WhiteElo "2400"]
[BlackElo "2108"]
[TimeControl "180+1"]
[EndTime "10:17:07 PDT"]
[Termination "michaelk123 won by resignation"]

1. Nf3 Nf6 2. g3 d6 3. Bg2 h5 4. d4 c6 5. c4 h4 6. Nxh4 Rxh4 7.
gxh4 Nbd7 8. Nc3 e5 9. Bg5 Qb6 10. dxe5 Nxe5 11. Qb3 Qa5 12. O-O Qc7 13. Rad1 Be6 14.
Rd4 Nfd7 15. f4 f6 16. fxe5 fxg5 17. Rxf8+ Kxf8 18. exd6 Qd8 19. Qxb7 Rb8 20. Qc7 Rxb2 21. Qxd8+ 1-0

[Event "*** SCC Grand Prix: Titled Tuesday Blitz"]
[Site "Chess.com"]
[Date "2020.08.25"]
[Round "2"]
[White "Region_07"]
[Black "j2806"]
[Result "1-0"]
[WhiteElo "2379"]
[BlackElo "2042"]
[TimeControl "180+1"]
[EndTime "10:17:11 PDT"]
[Termination "Region_07 won by resignation"]

1. e4 c5 2. Nf3 d6 3. Nc3 Nf6 4. e5 dxe5 5. Nxe5 Nbd7 6. Nc4 a6 7. a4 b6 8. Be2 Bb7 9. O-O e6 10. d3 Be7 11. Bf3 Qc7 12. g3 Bxf3 13. Qxf3 O-O 14. Re1 Rad8 15. Bf4 e5 16. Nxe5 Nxe5 17. Bxe5 Qa7 18.
Re2 Rfe8 19. Rae1 Kf8 20. Qf5 Qd7 21. Qxd7 Nxd7 22. Bxg7+ Kxg7 23. Rxe7 Rxe7 24. Rxe7 Nf6 25. Rb7 Rd6 26. h3 Nd7 27. Ne4 Rd5 28. Kg2 f5 29. Ng5 h6 30. Ne6+ Kf6 31. Nf4 Rd6 32.
Ra7 a5 33. Rb7 Ne5 34. Rxb6 Rxb6 35. Nd5+ Ke6 36. Nxb6 Nc6 37. c3 Ke5 38. Nc4+ Kd5 39. Kf3 1-0

[Event "*** SCC Grand Prix: Titled Tuesday Blitz"]
[Site "Chess.com"]
[Date "2020.08.25"]
[Round "2"]
[White "Chamal_Gedgafov"]
[Black "SavelievAlexei"]
[Result "0-1"]
[WhiteElo "2119"]
[BlackElo "2404"]
[TimeControl "180+1"]
[EndTime "10:17:13 PDT"]
[Termination "SavelievAlexei won by checkmate"]

1. d4 Nf6 2. c4 e6 3. Nc3 Bb4 4. e3 O-O 5. Ne2 d5 6. a3 Bd6 7.
Ng3 c6 8. Bd3 b6 9. O-O Bb7 10.
b4 a5 11. b5 Nbd7 12. cxd5 cxd5 13. Bb2 Rc8 14. Qe2 Qe7 15. Rfc1 Rc7 16. e4 dxe4 17.
Ncxe4 Nxe4 18. Nxe4 Nf6 19. Nxf6+ Qxf6 20. Rxc7 Bxc7 21.
Rc1 Bd6 22. Be4 Qh4 23. d5 Qxh2+ 24. Kf1 Qh1# 0-1

[Event "*** SCC Grand Prix: Titled Tuesday Blitz"]
[Site "Chess.com"]
[Date "2020.08.25"]
[Round "2"]
[White "BlackBoarder"]
[Black "jefferyx"]
[Result "0-1"]
[WhiteElo "2555"]
[BlackElo "2911"]
[TimeControl "180+1"]
[EndTime "10:17:15 PDT"]
[Termination "jefferyx won by resignation"]

1. e4 c5 2. Nf3 d6 3. c3 Nf6 4. h3 Nbd7 5. Bd3 b6 6. O-O Bb7 7. Re1 g6 8. Bc2 Bg7 9. d4 O-O 10. Bf4 Rc8 11. Qd2 Qc7 12. Na3 cxd4 13. cxd4 e5 14.
Bh6 a6 15. Bxg7 Kxg7 16. Rac1 b5 17. d5 Qb6 18. b4 Nh5 19. g3 Nxg3 20. Bd3 Nh5 21. Bf1 Nf4 22. Nc2 Nf6 23. Ncd4 Rxc1 24.
Rxc1 Nxe4 25. Qc2 Bxd5 0-1

[Event "*** SCC Grand Prix: Titled Tuesday Blitz"]
[Site "Chess.com"]
[Date "2020.08.25"]
[Round "2"]
[White "Bulldog167"]
[Black "Mostii"]
[Result "1-0"]
[WhiteElo "2677"]
[BlackElo "2363"]
[TimeControl "180+1"]
[EndTime "10:17:16 PDT"]
[Termination "Bulldog167 won by checkmate"]

1. c4 b6 2. e4 e6 3. Nc3 Bb7 4. Nf3 g6 5. d4 Bg7 6. Be3 d6 7.
Bd3 Nd7 8. O-O Ne7 9. Qd2 e5 10.
d5 O-O 11. Ne1 f5 12. f3 a5 13. b3 f4 14. Bf2 Bc8 15. Be2 g5 16. Nd3 h5 17. a3 Nf6 18. b4 g4 19. c5 Ng6 20.
cxd6 cxd6 21. Kh1 g3 22. hxg3 fxg3 23. Bxg3 h4 24. Bh2 Nh5 25. f4 Nhxf4 26. Nxf4 exf4 27. e5 Bxe5 28. Bd3 Bf5 29. Bxf5 Rxf5 30. Rac1 axb4 31. axb4 h3 32. gxh3 Ra3 33. Qg2 Qf6 34. Ne4 Qg7 35.
Rg1 Kh7 36. Rc7 Qxc7 37. Qxg6+ Kh8 38. Qg8# 1-0

[Event "*** SCC Grand Prix: Titled Tuesday Blitz"]
[Site "Chess.com"]
[Date "2020.08.25"]
[Round "2"]
[White "Yaacovn"]
[Black "ZverevLev"]
[Result "0-1"]
[WhiteElo "2800"]
[BlackElo "2349"]
[TimeControl "180+1"]
[EndTime "10:17:18 PDT"]
[Termination "ZverevLev won on time"]

1. d4 Nf6 2. e3 e6 3. Bd3 d5 4.
Nd2 c5 5. c3 Nc6 6. f4 Be7 7.
Ngf3 O-O 8. Ne5 Qc7 9. O-O b6 10.
Qf3 Bb7 11. g4 cxd4 12. exd4 Nxe5 13. fxe5 Ne4 14. Nxe4 dxe4 15. Bxe4 Bxe4 16. Qxe4 Rad8 17. Be3 Qc4 18. Rf3 Qd5 19. Qxd5 exd5 20. a4 Rfe8 21. g5 Bf8 22. Raf1 Rd7 23. h4 Re6 24. h5 g6 25.
Rf6 gxh5 26. Kg2 Bg7 0-1

[Event "*** SCC Grand Prix: Titled Tuesday Blitz"]
[Site "Chess.com"]
[Date "2020.08.25"]
[Round "2"]
[White "mr65"]
[Black "biostatistician"]
[Result "0-1"]
[WhiteElo "2162"]
[BlackElo "2496"]
[TimeControl "180+1"]
[EndTime "10:17:20 PDT"]
[Termination "biostatistician won by resignation"]

1. e4 e6 2. d4 d5 3. Nc3 Nc6 4. Nf3 Nf6 5. e5 Ne4 6. Bd3 Bb4 7. Bd2 Nxd2 8. Qxd2 Be7 9. O-O Nb4 10. Be2 c5 11. Rad1 Bd7 12. Rfe1 O-O 13. a3 Nc6 14. Bf1 Rc8 15. Ne2 Qb6 16. c3 cxd4 17. Nexd4 Nxd4 18. Nxd4 a5 19. f4 Ba4 20. Rc1 Bc5 21. Kh1 Rc7 22. Bd3 Rfc8 23. Nf3 Bb5 24. Bb1 Bf2 25. Red1 Be3 26.
Qc2 g6 27. g3 Bxc1 28. Qxc1 Be2 29. Nd4 Bxd1 30. Qxd1 Qxb2 31. h4 Rxc3 0-1

[Event "*** SCC Grand Prix: Titled Tuesday Blitz"]
[Site "Chess.com"]
[Date "2020.08.25"]
[Round "2"]
[White "Flawless_Fighter"]
[Black "gmcorrales"]
[Result "0-1"]
[WhiteElo "2557"]
[BlackElo "2914"]
[TimeControl "180+1"]
[EndTime "10:17:27 PDT"]
[Termination "gmcorrales won by checkmate"]

1. e4 c5 2. Nf3 d6 3. d4 cxd4 4. Nxd4 Nf6 5. Nc3 a6 6. Be3 e5 7. Nb3 Be6 8. f3 Be7 9. Qd2 Nbd7 10. g4 b5 11. O-O-O O-O 12. g5 Nh5 13. Kb1 b4 14.
Nd5 Bxd5 15. exd5 a5 16. Rg1 g6 17. Bh3 Nb6 18. Qf2 Nc4 19. Bc1 a4 20. Nd2 Nf4 21. Bf1 Nxd2+ 22. Bxd2 b3 23. cxb3 axb3 24.
axb3 Bxg5 25. b4 Bf6 26. Bc3 Qd7 27. b5 Qf5+ 28. Qc2 Ra1+ 29. Kxa1 Qxc2 30. Bc4 Ne2 31. Bxe2 Ra8+ 32. Ba5 Rxa5# 0-1

[Event "*** SCC Grand Prix: Titled Tuesday Blitz"]
[Site "Chess.com"]
[Date "2020.08.25"]
[Round "2"]
[White "Gareth-Bale11"]
[Black "Nara_Kh"]
[Result "1-0"]
[WhiteElo "2749"]
[BlackElo "2321"]
[TimeControl "180+1"]
[EndTime "10:17:28 PDT"]
[Termination "Gareth-Bale11 won by resignation"]

1. e4 c5 2. Nf3 d6 3. d4 Nf6 4.
Nc3 cxd4 5. Nxd4 a6 6. Bg5 Nbd7 7. Qd2 h6 8. Bxf6 Nxf6 9. O-O-O g6 10. f4 Bg7 11.
Bc4 O-O 12. Bb3 b5 13. Rhe1 Bb7 14. Qd3 Rc8 15. e5 dxe5 16. fxe5 Ng4 17. Qxg6 b4 18. Qxg4 bxc3 19. Nf5 cxb2+ 20. Kb1 1-0

[Event "*** SCC Grand Prix: Titled Tuesday Blitz"]
[Site "Chess.com"]
[Date "2020.08.25"]
[Round "2"]
[White "dennisodessa"]
[Black "Zarinur"]
[Result "1-0"]
[WhiteElo "2402"]
[BlackElo "2116"]
[TimeControl "180+1"]
[EndTime "10:17:37 PDT"]
[Termination "dennisodessa won by checkmate"]

1. d4 Nf6 2. c4 e6 3. Nc3 Bb4 4. Qc2 Nc6 5. Nf3 O-O 6. a3 Bxc3+ 7. Qxc3 d6 8. b4 a6 9. Bb2 Qe7 10. e3 a5 11. b5 Nb8 12. Be2 Nbd7 13. O-O Re8 14. Rac1 e5 15. dxe5 dxe5 16. c5 Ne4 17. Qc2 Ndxc5 18. Bxe5 Bf5 19. Qa2 Bg4 20. Bd4 Ne6 21. Ba1 Red8 22. Nd4 Bxe2 23. Qxe2 Nxd4 24. Bxd4 Rd7 25. a4 Qb4 26. Rc4 Qd2 27. Qg4 Re7 28.
Qxg7# 1-0

[Event "*** SCC Grand Prix: Titled Tuesday Blitz"]
[Site "Chess.com"]
[Date "2020.08.25"]
[Round "2"]
[White "Onegust"]
[Black "RusPakhom"]
[Result "1-0"]
[WhiteElo "2554"]
[BlackElo "2276"]
[TimeControl "180+1"]
[EndTime "10:17:39 PDT"]
[Termination "Onegust won by resignation"]

1. e4 c5 2. Nf3 g6 3. c3 Bg7 4.
d4 cxd4 5. cxd4 d5 6. e5 Nc6 7.
Bb5 Bd7 8. Nc3 e6 9. h4 Nge7 10. h5 Nf5 11. g4 Nfxd4 12. Nxd4 Nxe5 13. h6 Bf6 14. Bxd7+ Qxd7 15. g5 Be7 16. Bf4 Nc6 17.
Nxc6 bxc6 18. Qd4 Rg8 19. O-O-O c5 20. Qe5 Rc8 21. Rhe1 Rc6 22. Nxd5 exd5 23. Rxd5 Qe6 24. Qb8+ Rc8 25. Qb5+ Qc6 26. Qxc6+ Rxc6 27. Bd6 Rxd6 28. Rxd6 Rf8 29. Ra6 f5 1-0

[Event "*** SCC Grand Prix: Titled Tuesday Blitz"]
[Site "Chess.com"]
[Date "2020.08.25"]
[Round "2"]
[White "markberk"]
[Black "Azoulas1"]
[Result "1-0"]
[WhiteElo "2361"]
[BlackElo "1961"]
[TimeControl "180+1"]
[EndTime "10:17:39 PDT"]
[Termination "markberk won by resignation"]

1. Nf3 Nf6 2. d4 e6 3. e3 d5 4. Bd3 c6 5. O-O Bd6 6. c3 Nbd7 7. Nbd2 O-O 8. Qe2 c5 9. b3 Qe7 10. Bb2 b6 11. e4 dxe4 12. Nxe4 Bb7 13. Nxd6 Qxd6 14. dxc5 Nxc5 15. Bc2 Qe7 16. c4 Rad8 17. Rfe1 a5 18. h3 Rd7 19. Ne5 Rd6 20. Ng4 Nxg4 21.
Qxg4 g6 22. Qf4 Rfd8 23. Bf6 Qf8 24. Bxd8 Qxd8 25. Rad1 Rxd1 26. Rxd1 Qe7 27. Qd6 Qg5 28.
Qd8+ Qxd8 29. Rxd8+ Kg7 30. Rd6 e5 31. Rxb6 Ba8 32.
Rb5 Ne6 33. Rxe5 Nd4 34. Rxa5 Bc6 35. Bd1 h5 36. b4 Bb7 37. c5 Bc6 38. a4 Bd5 39. b5 Bb3 40. Bxb3 Nxb3 41. Ra7 Nxc5 42. b6 h4 43. b7 Nxb7 44. Rxb7 1-0

[Event "*** SCC Grand Prix: Titled Tuesday Blitz"]
[Site "Chess.com"]
[Date "2020.08.25"]
[Round "2"]
[White "TwentyHoursADay"]
[Black "garicradomir"]
[Result "0-1"]
[WhiteElo "2464"]
[BlackElo "2281"]
[TimeControl "180+1"]
[EndTime "10:17:41 PDT"]
[Termination "garicradomir won by resignation"]

1. c4 c5 2. g3 g6 3. Bg2 Bg7 4.
Nc3 Nc6 5. Nf3 Nf6 6. d4 cxd4 7.
Nxd4 O-O 8. O-O Ng4 9. e3 d6 10. h3 Nh6 11. Nxc6 bxc6 12. e4 Rb8 13. Qc2 Qa5 14.
Bd2 Qh5 15. g4 Bxg4 16. hxg4 Nxg4 17. Bf4 Be5 18. Bxe5 dxe5 19. Rfd1 f5 20. Rd3 Qh2+ 21. Kf1 fxe4 22. Nxe4 Rf4 23. Rf3 Rxf3 24. Bxf3 Ne3+ 25. fxe3 Qxc2 0-1

[Event "*** SCC Grand Prix: Titled Tuesday Blitz"]
[Site "Chess.com"]
[Date "2020.08.25"]
[Round "2"]
[White "skiff134"]
[Black "krasavetc"]
[Result "1-0"]
[WhiteElo "2623"]
[BlackElo "2307"]
[TimeControl "180+1"]
[EndTime "10:17:42 PDT"]
[Termination "skiff134 won by checkmate"]

1. d4 Nf6 2. c4 e6 3. Nc3 d5 4. cxd5 exd5 5. Bg5 Be7 6. e3 c6 7. Bd3 O-O 8. Nge2 Nbd7 9. Qc2 Re8 10. g4 h6 11. Bf4 g5 12. Bg3 Nf8 13. h3 c5 14.
dxc5 Ne6 15. Bf5 Nxc5 16. Nd4 Bd6 17. Bxd6 Qxd6 18. h4 Nce4 19. hxg5 hxg5 20. O-O-O Bxf5 21. Nxf5 Qe5 22. f4 gxf4 23. Qh2 Nxg4 24. Qh7+ Kf8 25. Qh8+ Qxh8 26. Rxh8# 1-0

[Event "*** SCC Grand Prix: Titled Tuesday Blitz"]
[Site "Chess.com"]
[Date "2020.08.25"]
[Round "2"]
[White "Diego_FloresQ"]
[Black "AndreyNeves"]
[Result "1-0"]
[WhiteElo "2417"]
[BlackElo "2171"]
[TimeControl "180+1"]
[EndTime "10:17:43 PDT"]
[Termination "Diego_FloresQ won by resignation"]

1. e4 c5 2. Nf3 Nc6 3. d4 cxd4 4. Nxd4 Nf6 5. Nc3 d6 6. Bg5 e6 7. Qd2 a6 8. O-O-O Bd7 9. f4 b5 10. Nxc6 Bxc6 11. Qe1 Qc7 12. Nd5 Bxd5 13. exd5 Rc8 14. c3 Be7 15. dxe6 O-O 16. Bd3 b4 17. c4 d5 18. b3 Qa5 19. exf7+ Rxf7 20. Kb1 Qa3 21.
Qe6 dxc4 22. Qxc8+ Bf8 23. Bxc4 Ne4 24. Bxf7+ Kxf7 25. Qc4+ 1-0

[Event "*** SCC Grand Prix: Titled Tuesday Blitz"]
[Site "Chess.com"]
[Date "2020.08.25"]
[Round "2"]
[White "albano87"]
[Black "Infernal_XaM"]
[Result "1/2-1/2"]
[WhiteElo "2565"]
[BlackElo "2904"]
[TimeControl "180+1"]
[EndTime "10:17:44 PDT"]
[Termination "Game drawn by repetition"]

1. d4 Nf6 2. Nf3 e6 3. g3 b5 4.
Bg2 Bb7 5. O-O c5 6. a4 b4 7. c3 cxd4 8. Nxd4 Bxg2 9. Kxg2 Qc8 10. Qd3 Na6 11. Bf4 Nc5 12. Qf3 Nce4 13. Nb5 g5 14. Be5 g4 15. Qf4 Ke7 16. f3 gxf3+ 17. exf3 Nd5 18. Qxe4 f6 19. Bd6+ Kf7 20. c4 f5 21. Qd4 Bg7 22. Be5 Qxc4 23. Bxg7 Qe2+ 24. Rf2 Ne3+ 25. Kh3 Qxf2 26. Qxd7+ Kg8 27. Qxe6+ Kxg7 28. Qe7+ Kg8 29. Qe6+ Kg7 30. Qe7+ Kg8 31. Qe6+ Kg7 1/2-1/2

[Event "*** SCC Grand Prix: Titled Tuesday Blitz"]
[Site "Chess.com"]
[Date "2020.08.25"]
[Round "2"]
[White "rududuyk"]
[Black "Pikachess999"]
[Result "1-0"]
[WhiteElo "2143"]
[BlackElo "2390"]
[TimeControl "180+1"]
[EndTime "10:17:46 PDT"]
[Termination "rududuyk won by resignation"]

1. e4 e6 2. d4 d5 3. Nd2 Nf6 4. e5 Nfd7 5. Bd3 c5 6. c3 Nc6 7. Ne2 cxd4 8. cxd4 f6 9. exf6 Nxf6 10. O-O Bd6 11.
Nf3 Qc7 12. Bg5 O-O 13. Rc1 h6 14. Bh4 Nh5 15. Ng3 Nxg3 16. Bxg3 Bxg3 17. hxg3 Bd7 18. Bb1 Rf6 19. Qd3 g6 20. Qe3 Kg7 21. Ne5 g5 22. Ng4 Rf7 23. f4 Qb6 24. Rfd1 gxf4 25. gxf4 Ne7 26.
Qe5+ 1-0

[Event "*** SCC Grand Prix: Titled Tuesday Blitz"]
[Site "Chess.com"]
[Date "2020.08.25"]
[Round "2"]
[White "GMAkobianSTL"]
[Black "Matveev_Vladimir"]
[Result "1-0"]
[WhiteElo "2859"]
[BlackElo "2541"]
[TimeControl "180+1"]
[EndTime "10:17:48 PDT"]
[Termination "GMAkobianSTL won by resignation"]

1. d4 Nf6 2. c4 g6 3. Nc3 Bg7 4. Nf3 O-O 5. Bg5 c5 6. d5 Qb6 7.
Rb1 e6 8. e4 exd5 9. exd5 d6 10.
Bd3 Re8+ 11. Kf1 Bg4 12. h3 Bxf3 13. Qxf3 Nbd7 14. Qd1 a6 15. g3 h6 16. Bd2 Qd8 17. Kg2 b5 18. cxb5 Nb6 19. bxa6 Nfxd5 20. Nxd5 Nxd5 21.
Qf3 Nb6 22. Ba5 d5 23. Bb5 Re6 24. Rhe1 Rf6 25. Qd3 Ra7 26. Re8+ 1-0

[Event "*** SCC Grand Prix: Titled Tuesday Blitz"]
[Site "Chess.com"]
[Date "2020.08.25"]
[Round "2"]
[White "ChelsieMonica"]
[Black "memer5334"]
[Result "0-1"]
[WhiteElo "2395"]
[BlackElo "2158"]
[TimeControl "180+1"]
[EndTime "10:17:48 PDT"]
[Termination "memer5334 won by resignation"]

1. c4 e5 2. Nc3 Nc6 3. g3 Nf6 4. Bg2 d6 5. Nf3 g6 6. O-O Bg7 7. h3 O-O 8. Nd5 Nxd5 9. cxd5 Ne7 10. e4 h6 11. d3 f5 12. Bd2 g5 13. Bxg5 hxg5 14.
Nxg5 Rf6 15. Rc1 f4 16. g4 Ng6 17. Nf3 Rf8 18. Re1 Nh4 19. Kf1 Nxg2 20. Kxg2 Bd7 21.
Rh1 Rc8 22. Qb3 b6 23. Qd1 Qf6 24. Nd2 Bb5 25. Qf3 Qh4 26. Rc3 c5 27. b3 Bd7 28.
a4 Rf6 29. Qd1 Rcf8 30. Nf3 Qh7 31. Rc1 Qg6 32. Kf1 a6 33. Ke2 b5 34. axb5 Bxb5 35. Ra1 Qxe4+ 36. Kf1 Bxd3+ 37. Kg2 Be2 0-1

[Event "*** SCC Grand Prix: Titled Tuesday Blitz"]
[Site "Chess.com"]
[Date "2020.08.25"]
[Round "2"]
[White "DarZay"]
[Black "Rap_woyska"]
[Result "1-0"]
[WhiteElo "2388"]
[BlackElo "2368"]
[TimeControl "180+1"]
[EndTime "10:17:48 PDT"]
[Termination "DarZay won by resignation"]

1. e4 e6 2. d4 d5 3. Nc3 Nf6 4. e5 Nfd7 5. Bd3 c5 6. dxc5 Nc6 7. f4 Nxc5 8. Nf3 Be7 9. O-O a6 10. a3 b5 11. b4 Nxd3 12. Qxd3 O-O 13. Be3 Bd7 14.
Nd4 Nxd4 15. Bxd4 f5 16. exf6 Bxf6 17. Rae1 Rc8 18. Rf3 Qc7 19. Ree3 Qc4 20. Bxf6 Rxf6 21. Qd2 d4 22. Re4 dxc3 23. Qxd7 Qc6 24. Qxc6 Rxc6 25. Rd3 h6 26. g3 Rf5 27. Ree3 Rd5 28. Rxc3 Rd1+ 29. Kg2 Rd2+ 30. Kh3 Rxc2 31. Rxc2 Rxc2 32. Rxe6 Rc3 33. Rxa6 Kh7 34. Ra5 Kg6 35. Rxb5 Rxa3 36. Kg4 h5+ 37. Rxh5 Rb3 38. Rg5+ Kf6 39. Rb5 g6 40.
Rb6+ Kg7 41. b5 1-0

[Event "*** SCC Grand Prix: Titled Tuesday Blitz"]
[Site "Chess.com"]
[Date "2020.08.25"]
[Round "2"]
[White "Bodnar_Mykola"]
[Black "okriak"]
[Result "1-0"]
[WhiteElo "2503"]
[BlackElo "2714"]
[TimeControl "180+1"]
[EndTime "10:17:49 PDT"]
[Termination "Bodnar_Mykola won by checkmate"]

1. e4 e6 2. d4 d5 3. Nc3 Bb4 4. e5 Ne7 5. Qg4 c5 6. a3 Qa5 7. Ne2 cxd4 8. h4 Nbc6 9. axb4 Qxa1 10. Nb5 O-O 11. h5 Nxe5 12. Qg3 f6 13. Nbxd4 Nf5 14. Nxf5 exf5 15. Kd1 d4 16. Nxd4 Rd8 17. c3 Bd7 18.
f4 Ba4+ 19. Kd2 Nc6 20. Bc4+ Kh8 21. h6 g5 22. fxg5 Nxd4 23. gxf6 Ne6+ 24. Ke2 f4 25. Qg7+ Nxg7 26. hxg7# 1-0

[Event "*** SCC Grand Prix: Titled Tuesday Blitz"]
[Site "Chess.com"]
[Date "2020.08.25"]
[Round "2"]
[White "Shushik"]
[Black "brute4ever"]
[Result "0-1"]
[WhiteElo "2267"]
[BlackElo "2495"]
[TimeControl "180+1"]
[EndTime "10:17:49 PDT"]
[Termination "brute4ever won on time"]

1. e4 d5 2. exd5 Qxd5 3. Nf3 Qd8 4. d4 g6 5. c4 Bg7 6. Nc3 Nh6 7. Be2 Nf5 8. Be3 O-O 9. O-O Nxe3 10. fxe3 c5 11.
d5 Nd7 12. Qd3 Ne5 13. Nxe5 Bxe5 14. Rad1 a6 15. Qd2 Qc7 16. h3 Bd7 17. Ne4 Rad8 18.
d6 exd6 19. Nf6+ Bxf6 20. Rxf6 Be6 21. e4 Qe7 22. Qg5 Rfe8 23. Rdf1 Kg7 24. Qf4 Rf8 25. b3 Bc8 26. Bg4 Bxg4 0-1

[Event "*** SCC Grand Prix: Titled Tuesday Blitz"]
[Site "Chess.com"]
[Date "2020.08.25"]
[Round "2"]
[White "Chernobay_Artem"]
[Black "GM_dmitrij"]
[Result "1-0"]
[WhiteElo "2569"]
[BlackElo "2878"]
[TimeControl "180+1"]
[EndTime "10:17:51 PDT"]
[Termination "Chernobay_Artem won by resignation"]

1. d4 Nf6 2. c4 e6 3. Nf3 b6 4. g3 Ba6 5. b3 Bb4+ 6. Bd2 Be7 7. Bg2 d5 8. O-O O-O 9. Ne5 Bb7 10. Nc3 Nbd7 11.
cxd5 Nxe5 12. dxe5 Nxd5 13. Ne4 a5 14. Rc1 h6 15. Qc2 Bb4 16. Rfd1 Qe7 17. Bxh6 Rad8 18. Bg5 f6 19. exf6 gxf6 20. Nxf6+ Rxf6 21. e4 Bc5 22. exd5 Rxf2 23. Qg6+ Qg7 24. Qxg7+ Kxg7 25. Rxc5 Rxg2+ 26. Kxg2 bxc5 27. Bxd8 1-0

[Event "*** SCC Grand Prix: Titled Tuesday Blitz"]
[Site "Chess.com"]
[Date "2020.08.25"]
[Round "2"]
[White "nitpicker"]
[Black "GameOverBro"]
[Result "0-1"]
[WhiteElo "2212"]
[BlackElo "2439"]
[TimeControl "180+1"]
[EndTime "10:17:51 PDT"]
[Termination "GameOverBro won by resignation"]

1. d4 d6 2. e4 Nf6 3. Nc3 e5 4. Nge2 c6 5. a4 Nbd7 6. h3 h5 7. g3 b6 8. Be3 a6 9. Bg2 Bb7 10. O-O b5 11. d5 cxd5 12. Nxd5 Nxd5 13. exd5 Be7 14. axb5 axb5 15. Qd3 Qc8 16. c3 O-O 17. Rfe1 Qc4 18. Be4 Nf6 19. Qxc4 bxc4 20. Bf3 Bxd5 21. Bxd5 Nxd5 22. Bd2 Rfb8 23. Rxa8 Rxa8 24. f4 Ra2 25. Bc1 Bd8 26. Kg2 Bc7 27. fxe5 dxe5 28. Kf3 f5 29. g4 hxg4+ 30. hxg4 e4+ 31. Kg2 f4 32. Rd1 f3+ 33. Kf2 Bb6+ 34. Nd4 Nxc3 35. Rd3 cxd3 0-1

[Event "*** SCC Grand Prix: Titled Tuesday Blitz"]
[Site "Chess.com"]
[Date "2020.08.25"]
[Round "2"]
[White "FLamps8"]
[Black "annamaja"]
[Result "1-0"]
[WhiteElo "2517"]
[BlackElo "2274"]
[TimeControl "180+1"]
[EndTime "10:17:52 PDT"]
[Termination "FLamps8 won on time"]

1. d4 d5 2. c4 c6 3. Nf3 Nf6 4. e3 e6 5. Nbd2 Bd6 6. Bd3 O-O 7.
O-O Nbd7 8. e4 dxe4 9. Nxe4 Nxe4 10. Bxe4 Nf6 11. Bc2 c5 12. Bg5 cxd4 13. Qd3 g6 14.
Qxd4 Be7 15. Qh4 Re8 16. Rad1 Bd7 17. Ne5 Rc8 18. Ba4 Rc7 19. Bxd7 Nxd7 20. Nxf7 Bxg5 21. Nxg5 Qe7 22. Rfe1 e5 23. Rd3 Nc5 24. Rf3 Rf8 25. Rxf8+ Kxf8 26. Nxh7+ Qxh7 27. Qd8+ 1-0